 Dungeon Crawl Stone Soup version 0.29.1-15-g9cfb28693d (webtiles) character file.

Game seed: 10048936979276735325

169 Atelerd the Digger (level 5, -2/31 HPs)
             Began as an Octopode Earth Elementalist on Apr 25, 2023.
             Killed by divine providence
             ... invoked by an orc priest
              (11 damage)
             ... on level 3 of the Dungeon on Apr 30, 2023.
             The game lasted 00:02:39 (2967 turns).

Atelerd the Digger (Octopode Earth Elementalist)    Turns: 2967, Time: 00:02:40

Health: -2/31      AC:  2    Str:  8    XL:     5   Next: 50%
Magic:  5/9        EV: 13    Int: 19    God:
Gold:   149        SH:  0    Dex: 12    Spells: 9/10 levels left

rFire   . . .      SeeInvis .   e - +0 dagger
rCold   . . .      Faith    .   (no shield)
rNeg    . . .      Spirit   .   i - +1 hat
rPois   .          Reflect  .   (no amulet)
rElec   .          Harm     .   (no ring)
rCorr   .          Rampage  .   (no ring)
Will    .....                   (no ring)
Stlth   +++.......              (no ring)
HPRegen 0.10/turn               (no ring)
MPRegen 0.11/turn               (no ring)
                                (no ring)
                                (no ring)

@: very slightly contaminated
A: almost no armour, amphibious, 8 rings, camouflage 1, gelatinous body 1,
(nimble swimmer 1), tentacles
a: no special abilities


You were on level 3 of the Dungeon.
You visited 1 branch of the dungeon, and saw 3 of its levels.

You collected 149 gold pieces.

Inventory:

Hand Weapons
 e - a +0 dagger (weapon)
Armour
 i - a +1 hat (worn)
Jewellery
 l - a ring of fire
Scrolls
 c - a scroll of poison {unknown}
 d - a scroll of magic mapping {unknown}
 g - a scroll of teleportation {unknown}
 j - a scroll of summoning {unknown}
 k - 2 scrolls of noise {unknown}
Potions
 a - 2 potions of curing {unknown}
 b - 2 potions of lignification


   Skills:
 - Level 2.2 Dodging
 - Level 2.6 Stealth
 + Level 3.0 Spellcasting
 - Level 2.0 Transmutations
 * Level 4.9 Earth Magic


You had 9 spell levels left.
You knew the following spells:

 Your Spells              Type           Power      Damage    Failure   Level
a - Sandblast             Erth           42%        2d11      1%          1

Your spell library contained the following spells:

 Spells                   Type           Power      Damage    Failure   Level
 Passwall                 Tmut/Erth      13%        N/A       5%          2
 Stone Arrow              Conj/Erth      24%        3d8       16%         3
 Blink                    Tloc           4%         N/A       22%         2
 Petrify                  Tmut/Erth      16%        N/A       34%         4
 Lesser Beckoning         Tloc           2%         N/A       41%         3
 Manifold Assault         Tloc           2%         N/A       99%         5


Dungeon Overview and Level Annotations

Branches:
Dungeon (3/15)

Altars:
Kikubaaqudgha


Innate Abilities, Weirdness & Mutations

You cannot wear most types of armour.
You are amphibious.
You can wear up to eight rings at the same time.
Your skin changes colour to match your surroundings (Stealth+).
Your rubbery body absorbs attacks. (AC +1, EV +1)
((You are camouflaged when in or above water. (Stealth+)))
You have tentacles for arms and can constrict up to eight enemies at once.


Message History

A worm is nearby!
A worm is nearby!
A worm is nearby!
The helpless worm fails to defend itself.
You puncture the worm! You grab the worm. You squeeze the worm!
You kill the worm!
No target in view!
You can't see any susceptible monsters within range! (Use Z to cast anyway.)
An orc comes into view.
It is wielding a +0 club and wearing a +2 leather armour of fire resistance.
An orc is nearby!
An orc is nearby!
An orc comes into view. It is wielding a +0 whip.
The orc shouts!
An orc priest comes into view. It is wielding a +0 hand axe.
An orc priest comes into view. It is wielding a +0 short sword.
You miscast Sandblast.
You are very lightly contaminated with residual magic.
Nothing appears to happen.
The orc shouts!
The orc priest shouts!
The orc priest mumbles some strange prayers to Beogh against you.
Beogh smites you!
The blast of sand hits the orc priest.
The orc priest is moderately wounded.
The blast of sand hits the orc priest!
The orc priest is severely wounded.
The orc priest closely misses you.
The orc priest calls down the wrath of Beogh upon you.
Beogh smites you!
* * * LOW HITPOINT WARNING * * *
You are too injured to fight recklessly!
Casting: Sandblast (safe; 1% risk of failure)
Confirm with . or Enter, or press ? or * to list all spells.
Aiming: Sandblast (safe; 1% risk of failure)
Press: ? - help, Shift-Dir - straight line, f/p - orc priest
Aim: an orc priest, wielding a +0 short sword (severely wounded, 83% to hit)
The blast of sand hits the orc priest!
You kill the orc priest!
The orc priest mumbles some strange prayers to Beogh against you.
Beogh smites you!
You die...

#.# #.# #.# #)#
#.# #.# #.#
###### #.#
#>...#####.#.#.
#.#
#......@).ooo..
..#
#....#####.#.#.
### #....# #
#....# # #....# #
#############.#.#
................#
#############.#.#
#.#.#


You could see an orc priest and 2 orcs.

Vanquished Creatures
  An orc priest (D:3)
  A gnoll bouda (D:3)
  Jessica (D:2)
  3 adders (D:2)
  5 gnolls (D:3)
  A worm (D:3)
  4 ball pythons
  3 bats
  10 endoplasms
  2 giant cockroaches
  4 goblins
  A quokka (D:1)
  A frilled lizard (D:1)
  A kobold (D:2)
  2 rats (D:1)
40 creatures vanquished.

Notes
Turn   | Place    | Note
-------+----------+-------------------------------------------
     0 | D:1      | Atelerd the Octopode Earth Elementalist began the quest for
                  | the Orb.
     0 | D:1      | Reached XP level 1. HP: 11/11 MP: 3/3
   152 | D:1      | Found a faded altar of an unknown god.
   593 | D:1      | Reached XP level 2. HP: 9/17 MP: 0/5
  1337 | D:2      | Reached XP level 3. HP: 21/21 MP: 2/6
  1878 | D:2      | Noticed Jessica
  1885 | D:2      | Killed Jessica
  1951 | D:2      | Reached skill level 4 in Earth Magic
  1951 | D:2      | Reached XP level 4. HP: 27/27 MP: 4/7
  2535 | D:3      | Reached XP level 5. HP: 31/31 MP: 3/9
  2853 | D:3      | Found an ancient bone altar of Kikubaaqudgha.
  2967 | D:3      | Killed from afar by an orc priest

Illustrated notes

Levels and vault maps discovered:
D:1:      psy_arrival_radial01, layout_loops_ring,
          ebering_ecumenical_altar_sacrificial, serial_bayou_pond_c,
          nrook_mini_vaults
D:2:      layout_basic, uniq_jessica
D:3:      layout_basic, lemuel_crystal_altar, minmay_misc_feat_chi

Skill      XL: |  1  2  3  4  5 |
---------------+----------------+-----
Transmutations | 2 |  2.0
Earth Magic    | 4 |  4.9
Spellcasting   | 3 |  3.0
Dodging        | |  2.2
Stealth        | |  2.6

Action                   |  1- 3 |  4- 6 || total
-------------------------+-------+-------++-------
Melee: Unarmed           |     3 |       ||     3
       Tentacles         |     3 |     1 ||     4
       Constrict         |     3 |     2 ||     5
       Dagger            |     8 |     9 ||    17
 Cast: Sandblast         |    24 |    32 ||    56
  Use: Potion            |       |     4 ||     4
 Stab: Sleeping          |     2 |     2 ||     4
Armor: Skin              |     1 |    15 ||    16
Dodge: Dodged            |    16 |    10 ||    26
